 Dungeon Crawl Stone Soup version 0.31.0-9-g3a7656b989 (webtiles) character file.

Game seed: 10442721436279321569

3050 qw the Markself (level 9, -1/52 HPs)
             Began as a Deep Elf Hunter on Feb 2, 2024.
             Was an Initiate of Okawaru.
             Slain by a vampire
             ... wielding a +0 great mace
              (8 damage)
             ... on level 9 of the Dungeon.
             The game lasted 00:00:34 (6901 turns).

qw the Markself (Deep Elf Hunter)                   Turns: 6901, Time: 00:00:35

Health: -1/52      AC:  7    Str: 12    XL:     9   Next: 57%
Magic:  11/11      EV: 19    Int: 15    God:    Okawaru [......]
Gold:   45         SH:  5    Dex: 18    Spells: 8/8 levels left

rFire   . . .        p - +1 orcbow
rCold   . . .        (shield currently unavailable)
rNeg    . . .        i - +0 ring mail
rPois   .            (no helmet)
rElec   .            (no cloak)
rCorr   .            r - +0 pair of gloves
SInv    +            f - +0 pair of boots
Will    .....        m - amulet of reflection
Stlth   +            t - ring of see invisible
HPRegen 0.28/turn    h - +5 ring of evasion
MPRegen 0.12/turn

%: reflection
@: no status effects
A: no striking features
a: Renounce Religion


You were on level 9 of the Dungeon.
You worshipped Okawaru.
Okawaru was noncommittal.
You visited 2 branches of the dungeon, and saw 10 of its levels.

You collected 511 gold pieces.
You spent 466 gold pieces at shops.


   Skills:
 - Level 4.0 Fighting
 + Level 15.0 Ranged Weapons
 - Level 2.0 Armour
 - Level 7.0 Dodging
 - Level 1.2 Stealth


You had 8 spell levels left.
You didn't know any spells.
Your spell library was empty.

Inventory:

Hand Weapons
 p - a +1 orcbow (weapon)
Armour
 f - a +0 pair of boots (worn)
 i - a +0 ring mail (worn)
 r - a +0 pair of gloves (worn)
Jewellery
 c - a ring of positive energy
 h - a +5 ring of evasion (right hand)
 m - an amulet of reflection (around neck)
 t - a ring of see invisible (left hand)
 Y - a ring of protection from fire
Wands
 b - a wand of polymorph (3)
 j - a wand of paralysis (2)
 o - a wand of roots (10)
Scrolls
 a - a scroll of enchant armour {unknown}
 e - a scroll of identify
 n - a scroll of teleportation
Potions
 d - 3 potions of curing
 g - a potion of enlightenment
 k - a potion of cancellation
 q - a potion of mutation {unknown}
 u - a potion of might {unknown}
 v - a potion of lignification {unknown}
 w - a potion of degeneration {unknown}

Dungeon Overview and Level Annotations

Branches:
Dungeon (8/15)             Temple (1/1) D:7
   Lair: D:8-11

Altars:
Ashenzari
Cheibriados
Elyvilon
Fedhas
Gozag
Hepliaklqana
Kikubaaqudgha
Nemelex Xobeh
Okawaru
Qazlal
Ru
Sif Muna
Trog
Uskayaw
Vehumet
Wu Jian
Xom
Yredelemnul
Zin
The Shining One

Shops:
D:3 :   D:7 ?**

Annotations:
D:2 1 runed translucent door, Crazy Yiuf


Message History

The vampire is almost destroyed.
The vampire misses you. The vampire barely misses you.
You shoot an arrow. The arrow barely misses the vampire.
The vampire closely misses you. You block the vampire's attack.
You shoot an arrow. The arrow hits the vampire.
The vampire is almost destroyed.
You shoot an arrow.
The arrow hits the vampire but does no damage.
The vampire is almost destroyed.
The vampire zaps a wand.
You easily resist.
You shoot an arrow.
The arrow hits the vampire but does no damage.
The vampire is almost destroyed.
The vampire draws life force from you!
The vampire is healed by the life force!
You shoot an arrow.
The arrow hits the vampire but does no damage.
The vampire is heavily damaged.
The vampire zaps a wand.
You easily resist.
You shoot an arrow.
The arrow hits the vampire but does no damage.
The vampire is heavily damaged.
The vampire closely misses you. The vampire completely misses you.
You shoot an arrow. The arrow hits the vampire.
The vampire is severely damaged.
The vampire zaps a wand.
You easily resist.
You shoot an arrow.
The arrow completely misses the vampire.
The vampire draws life force from you!
The vampire is healed by the life force!
You shoot an arrow. The arrow closely misses the vampire.
The vampire completely misses you. The vampire bites you.
The vampire draws strength from your injuries!
You shoot an arrow.
The arrow hits the vampire but does no damage.
The vampire is heavily damaged.
You shoot an arrow. The arrow closely misses the vampire.
The vampire hits you with a +0 great mace!
The vampire bites you!
You die...

#..........#
#..........#
#..........#
#####.######
##.# ###..#
#...##
##'########
#.>@......#
#..V......#
#.........#
#.........#
#.........#
#.........+
#.........#
#.........#


You could see a vampire (invisible).

Vanquished Creatures
  Pikel (D:5)
  A troll (D:7)
  Sigmund (D:5)
  Eustachio (D:5)
  Menkaure (D:5)
  An orc warrior (D:7)
  A centaur (D:7)
  2 lemures (D:5)
  Blork the orc (D:5)
  A kobold brigand (D:6)
  2 bullfrogs
  2 scorpions
  12 wights
  5 killer bees (D:7)
  A gnoll bouda (D:7)
  4 orc priests
  3 hounds
  2 sleepcaps (D:7)
  An iguana (D:5)
  Natasha (twice) (D:3)
  An orc wizard (D:7)
  3 gnolls (D:7)
  7 adders
  A white imp (D:7)
  12 dart slugs
  2 ribbon worms
  19 orcs
  7 ball pythons
  6 bats
  6 endoplasms
  2 giant cockroaches
  3 goblins
  5 hobgoblins
  3 jackals (D:3)
  12 kobolds
  7 quokkas
  A frilled lizard (D:1)
  5 rats
147 creatures vanquished.

Notes
Turn   | Place    | Note
-------+----------+-------------------------------------------
     0 | D:1      | qw the Deep Elf Hunter began the quest for the Orb.
     0 | D:1      | Reached XP level 1. HP: 12/12 MP: 3/3
     0 | D:1      | 0 ||| qw: Version: 0.3-a-155-g5e7d8dd
     0 | D:1      | 0 ||| qw: Game counter: 2755
     0 | D:1      | 0 ||| qw: Melee chars always use a shield: true
     0 | D:1      | 0 ||| qw: God list: Okawaru
     0 | D:1      | 0 ||| qw: Allow faded altars: false
     0 | D:1      | 0 ||| qw: Do Orc after clearing Dungeon:15 true
     0 | D:1      | 0 ||| qw: Do second Lair branch before Depths: true
     0 | D:1      | 0 ||| qw: Lair rune preference: random
     0 | D:1      | 0 ||| qw: Goals: Normal
     0 | D:1      | 0 ||| PLANNING D:1-11
   207 | D:1      | Reached skill level 6 in Ranged Weapons
   207 | D:1      | Reached XP level 2. HP: 16/16 MP: 4/4
   519 | D:1      | 519 ||| UPGRADING to ring of protection from fire.
   520 | D:1      | 520 ||| READING scroll labelled KASHRI ZIAGYZUR.
   521 | D:1      | 521 ||| READING scroll labelled WURI BAFFIMAM.
   526 | D:1      | 526 ||| DROPPING scroll of butterflies.
   558 | D:2      | Reached XP level 3. HP: 20/20 MP: 5/5
   581 | D:2      | HP: 4/20 [giant cockroach (2)]
   707 | D:2      | Found a faded altar of an unknown god.
   871 | D:2      | Reached skill level 7 in Ranged Weapons
   874 | D:2      | HP: 5/20 [poisoned by an adder]
  1122 | D:2      | Found a runed translucent door.
  1123 | D:2      | Noticed Crazy Yiuf
  1439 | D:2      | Identified the +6 dagger "Tugur" {holy, rF+ Str+3}
  1639 | D:2      | 1639 ||| UPGRADING to +0 pair of boots.
  1644 | D:2      | 1644 ||| UPGRADING to +5 ring of evasion.
  1645 | D:2      | 1645 ||| READING scroll labelled HOZIATH PEULABRUI.
  1762 | D:3      | Reached XP level 4. HP: 25/25 MP: 6/6
  1973 | D:3      | Reached skill level 8 in Ranged Weapons
  2040 | D:3      | Found a hazy altar of Hepliaklqana.
  2197 | D:3      | Noticed Natasha
  2203 | D:3      | Killed Natasha
  2204 | D:3      | Reached XP level 5. HP: 20/29 MP: 7/7
  2308 | D:3      | Reached skill level 9 in Ranged Weapons
  2390 | D:3      | Found Iwnumelei's Book Emporium.
  2396 | D:3      | 2396 ||| UPGRADING to +0 ring mail.
  2406 | D:3      | 2406 ||| DROPPING +0 leather armour.
  2491 | D:3      | 2491 ||| UPGRADING to amulet of reflection.
  2496 | D:3      | 2496 ||| READING scroll labelled HIS HOXEMO.
  2597 | D:3      | 2597 ||| READING scroll labelled AXTODGHA JATIRCH.
  2597 | D:3      | 2597 ||| BRANDING +0 shortbow.
  2598 | D:3      | 2598 ||| READING scroll labelled UMEILUX HE SAH.
  2598 | D:3      | 2598 ||| IDENTIFYING bubbling inky potion
  2599 | D:3      | 2599 ||| DROPPING potion of invisibility.
  2615 | D:3      | Noticed Natasha
  2620 | D:3      | Killed Natasha
  2670 | D:4      | 2670 ||| FLEEEEING.
  2671 | D:4      | 2671 ||| STAIRDANCE
  2691 | D:4      | Reached XP level 6. HP: 35/35 MP: 8/8
  3350 | D:4      | 3350 ||| READING 3 scrolls of identify.
  3350 | D:4      | 3350 ||| IDENTIFYING inky potion
  3351 | D:4      | 3351 ||| READING 2 scrolls of identify.
  3351 | D:4      | 3351 ||| IDENTIFYING coppery potion
  3352 | D:4      | 3352 ||| READING scroll of identify.
  3352 | D:4      | 3352 ||| IDENTIFYING black potion
  3353 | D:4      | 3353 ||| READING scroll labelled DEUS TEOMO.
  3354 | D:4      | 3354 ||| DRINKING 2 amethyst potions.
  3355 | D:4      | 3355 ||| DROPPING potion of berserk rage.
  3391 | D:5      | Entered Level 5 of the Dungeon
  3444 | D:5      | Found a basalt altar of Yredelemnul.
  3524 | D:5      | Noticed Pikel
  3526 | D:5      | 3526 ||| RETREEEEATING.
  3529 | D:5      | 3529 ||| RETREEEEATING.
  3550 | D:5      | HP: 8/35 [Pikel/puff of flame (4)]
  3550 | D:5      | HP: 2/35 [Pikel/+1 whip of flaming (6)]
  3551 | D:5      | 3551 ||| DRINKING potion of heal wounds.
  3555 | D:5      | HP: 4/35 [Pikel/puff of flame (3)]
  3557 | D:5      | Killed Pikel
  3558 | D:5      | Reached skill level 11 in Ranged Weapons
  3558 | D:5      | Reached XP level 7. HP: 5/40 MP: 9/9
  3810 | D:5      | Noticed Sigmund
  3811 | D:5      | 3811 ||| ZAPPING wand of mindburst (16) at 0,6 (Sigmund;
                  | floor).
  3812 | D:5      | 3812 ||| ZAPPING wand of mindburst (15) at 0,5 (Sigmund;
                  | floor).
  3812 | D:5      | Killed Sigmund
  3880 | D:5      | Reached skill level 1 in Armour
  3983 | D:5      | Noticed Eustachio
  3985 | D:5      | 3985 ||| ZAPPING wand of mindburst (14) at -1,1 (Eustachio;
                  | floor).
  3986 | D:5      | 3986 ||| RETREEEEATING.
  3987 | D:5      | 3987 ||| ZAPPING wand of mindburst (13) at 0,1 (Eustachio;
                  | floor).
  3988 | D:5      | 3988 ||| ZAPPING wand of mindburst (12) at 0,1 (Eustachio;
                  | floor).
  3989 | D:5      | 3989 ||| ZAPPING wand of mindburst (11) at 0,1 (Eustachio;
                  | floor).
  3990 | D:5      | 3990 ||| ZAPPING wand of mindburst (10) at 0,1 (Eustachio;
                  | floor).
  3991 | D:5      | 3991 ||| ZAPPING wand of mindburst (9) at 0,1 (Eustachio;
                  | floor).
  3992 | D:5      | 3992 ||| ZAPPING wand of mindburst (8) at 0,1 (Eustachio;
                  | floor).
  3993 | D:5      | 3993 ||| ZAPPING wand of mindburst (7) at 0,1 (Eustachio;
                  | floor).
  3993 | D:5      | Killed Eustachio
  3994 | D:5      | Reached skill level 12 in Ranged Weapons
  3994 | D:5      | Reached XP level 8. HP: 44/44 MP: 10/10
  4001 | D:5      | Noticed Blork the orc
  4010 | D:5      | Killed Blork the orc
  4188 | D:5      | Reached skill level 3 in Fighting
  4277 | D:5      | Noticed Menkaure
  4280 | D:5      | 4280 ||| ZAPPING wand of mindburst (6) at -6,-6 (Menkaure;
                  | floor).
  4281 | D:5      | 4281 ||| ZAPPING wand of mindburst (5) at -5,-5 (Menkaure;
                  | floor).
  4282 | D:5      | 4282 ||| ZAPPING wand of mindburst (4) at -4,-4 (Menkaure;
                  | floor).
  4283 | D:5      | 4283 ||| ZAPPING wand of mindburst (3) at -3,-3 (Menkaure;
                  | floor).
  4283 | D:5      | Killed Menkaure
  4285 | D:5      | 4285 ||| DROPPING amulet of regeneration.
  4457 | D:6      | Reached skill level 13 in Ranged Weapons
  4961 | D:6      | Reached skill level 14 in Ranged Weapons
  5282 | D:6      | 5282 ||| UPGRADING to +0 pair of gloves.
  5287 | D:6      | 5287 ||| READING 2 scrolls of identify.
  5287 | D:6      | 5287 ||| IDENTIFYING fuming clear potion
  5288 | D:6      | 5288 ||| READING scroll of identify.
  5288 | D:6      | 5288 ||| IDENTIFYING smoky grey potion
  5289 | D:6      | 5289 ||| DROPPING potion of attraction.
  5290 | D:6      | 5290 ||| DROPPING potion of brilliance.
  5409 | D:7      | Reached XP level 9. HP: 29/50 MP: 11/11
  5642 | D:7      | Found a staircase to the Ecumenical Temple.
  5643 | D:7      | 5643 ||| PLANNING TEMPLE
  5643 | D:7      | 5643 ||| DROPPING wand of flame (14).
  5671 | Temple   | Entered the Ecumenical Temple
  5672 | Temple   | 5672 ||| PLANNING OKAWARU WORSHIP
  5702 | Temple   | Became a worshipper of Warmaster Okawaru
  5703 | Temple   | 5703 ||| PLANNING D:1-11
  5876 | D:7      | 5876 ||| RETREEEEATING.
  5891 | D:7      | Reached skill level 6 in Dodging
  5982 | D:7      | Found an ornate altar of the Wu Jian Council.
  6068 | D:7      | Found Poxeyh's Magic Scroll Shop.
  6069 | D:7      | 6069 ||| SWAPPING to +0 orcbow.
  6070 | D:7      | 6070 ||| DROPPING +0 shortbow of freezing.
  6092 | D:7      | 6092 ||| BUYING scroll of identify (22 gold).
  6092 | D:7      | Bought a scroll of identify for 22 gold pieces
  6309 | D:7      | Found Emibi's Assorted Antiques.
  6318 | D:7      | 6318 ||| BUYING large silver ring (155 gold).
  6318 | D:7      | Bought a large silver ring for 155 gold pieces
  6318 | D:7      | 6318 ||| BUYING potion of curing (93 gold).
  6318 | D:7      | Bought a potion of curing for 93 gold pieces
  6318 | D:7      | 6318 ||| BUYING scroll of teleportation (93 gold).
  6318 | D:7      | Bought a scroll of teleportation for 93 gold pieces
  6325 | D:7      | Noticed a troll
  6326 | D:7      | 6326 ||| ZAPPING wand of mindburst (2) at 4,-6 (troll;
                  | floor).
  6327 | D:7      | 6327 ||| ZAPPING wand of mindburst (1) at 3,-5 (troll;
                  | floor).
  6329 | D:7      | 6329 ||| ZAPPING wand of paralysis (3) at 1,-2 (troll;
                  | floor).
  6336 | D:7      | Killed a troll
  6337 | D:7      | Reached skill level 15 in Ranged Weapons
  6515 | D:7      | Found a glowing golden altar of the Shining One.
  6518 | D:7      | Found a radiant altar of Vehumet.
  6521 | D:7      | Found a blossoming altar of Fedhas.
  6524 | D:7      | Found a shimmering blue altar of Sif Muna.
  6538 | D:7      | Found Maedo's Assorted Antiques.
  6547 | D:7      | 6547 ||| BUYING dark potion (25 gold).
  6547 | D:7      | Bought a dark potion for 25 gold pieces
  6547 | D:7      | 6547 ||| BUYING purple potion (25 gold).
  6547 | D:7      | Bought a purple potion for 25 gold pieces
  6547 | D:7      | 6547 ||| BUYING ruby potion (25 gold).
  6547 | D:7      | Bought a ruby potion for 25 gold pieces
  6547 | D:7      | 6547 ||| BUYING scroll labelled HAITITI ORCHU (28 gold).
  6547 | D:7      | Bought a scroll labelled HAITITI ORCHU for 28 gold pieces
  6547 | D:7      | 6547 ||| SHOPLISTING scroll of brand weapon (266 gold, have
                  | 34).
  6547 | D:7      | 6547 ||| SHOPLISTING scroll of identify (56 gold, have 34).
  6547 | D:7      | 6547 ||| SHOPLISTING scroll of teleportation (84 gold, have
                  | 34).
  6710 | D:7      | 6710 ||| DROPPING ring of flight.
  6711 | D:7      | 6711 ||| UPGRADING to ring of see invisible.
  6713 | D:7      | 6713 ||| READING scroll of identify.
  6713 | D:7      | 6713 ||| IDENTIFYING emerald potion
  6714 | D:7      | 6714 ||| READING scroll labelled HAITITI ORCHU.
  6714 | D:7      | 6714 ||| ENCHANTING +0 orcbow.
  6751 | D:8      | You fall into a shaft and drop 1 floor!
  6773 | D:9      | HP: 2/52 [vampire/vampiric draining (14)]
  6774 | D:9      | 6774 ||| READING 2 scrolls of teleportation.
  6775 | D:9      | 6775 ||| DRINKING potion of heal wounds.
  6881 | D:9      | Paralysed by a vampire for 4 turns
  6886 | D:9      | 6886 ||| DRINKING 4 potions of curing.
  6886 | D:9      | 6886 ||| (to cure confusion)
  6901 | D:9      | HP: 7/52 [vampire/+0 great mace (11)]
  6901 | D:9      | Slain by a vampire

Levels and vault maps discovered:
D:1:      zaba_arrival_water, layout_loops_ring, st_stairs_9,
          minmay_misc_feat_four_crosses
D:2:      layout_loops_corners, hellmonk_ecumenical_altar_heavens_door,
          uniq_crazy_yiuf_cottage
D:3:      cheibrodos_old_hovel, layout_loops_ring,
          mainiacjoe_overflow_six_doors_small, serial_shops, shop,
          amethyst_killhole, serial_bayou_ford_a, chequers_serial_rivers_room_b,
          uniq_natasha
D:4:      kennysheep_slugbush, layout_basic
D:5:      layout_basic, overflow_temple_1_default, uniq_eustachio, uniq_sigmund,
          uniq_menkaure, uniq_pikel, uniq_blork_the_orc
D:6:      layout_basic, chequers_serial_rivers_small_b
D:7:      layout_basic, lemuel_tele_altar, grunt_temple_overflow_cloverleaf,
          minmay_temple_entry_large_hall, serial_shops,
          nicolae_shop_overgrown_old_shop, nicolae_stop_n_shop_2, shop_coins,
          minmay_manual_mandibuliform
D:8:      layout_loops_ring
D:9:      layout_roguey, orc_0_dummy, grunt_ministairs_15,
          minmay_mirror_moons_of_madness
Temple:   oiseaux_autumnal_temple

Skill      XL: |  1  2  3  4  5  6  7  8  9 |
---------------+----------------------------+-----
Ranged Weapons | 6 7 8 9 11 12 14 15 | 15.0
Fighting       | 2 3 4 |  4.0
Dodging        | 4 5 7 |  7.0
Armour         | 1 2 |  2.0
Stealth        | |  1.2

Action                     |  1- 3 |  4- 6 |  7- 9 || total
---------------------------+-------+-------+-------++-------
   Fire: Shortbow          |    99 |   165 |   240 ||   504
         Orcbow            |       |       |   100 ||   100
  Evoke: Wand              |       |       |    17 ||    17
    Use: Scroll            |     3 |     7 |     5 ||    15
         Potion            |       |     2 |     2 ||     4
 Armour: Leather armour    |    21 |     4 |       ||    25
         Ring mail         |       |    25 |    51 ||    76
  Dodge: Dodged            |    23 |    51 |   138 ||   212
  Block: Other             |       |     5 |    24 ||    29
         Reflection        |       |     1 |     1 ||     2

Table legend:
 A = Non-vault XP
 B = Vault XP
 C = Vault XP percentage of total XP
 D = Non-vault monster count
 E = Vault monster count
 F = Vault count percentage of total count
                 A         B        C        D         E       F
            +---------+---------+-------+---------+---------+-------
      Total |    2871 |    1487 |  34.1 |     120 |      25 |  17.2
            +---------+---------+-------+---------+---------+-------
        D:1 |      27 |       4 |  12.9 |      16 |       3 |  15.8
        D:2 |      49 |       0 |   0.0 |      13 |       0 |   0.0
        D:3 |     226 |      37 |  14.1 |      23 |       2 |   8.0
        D:4 |      29 |      44 |  60.3 |       9 |      11 |  55.0
        D:5 |     186 |    1270 |  87.2 |      10 |       5 |  33.3
        D:6 |     652 |       0 |   0.0 |      23 |       0 |   0.0
        D:7 |    1702 |     132 |   7.2 |      26 |       4 |  13.3
            +---------+---------+-------+---------+---------+-------
